AoeStats
← rubeolay

Arena

505994829Analyzed
2v2 RM · 19d ago on Sep 12, 2026· 52m 9s· 4 players
Game mode
Random Map
Map size
Medium (4 player)
Population
200
Speed
Normal
Resources
Standard
Victory
Conquest
Starting age
Dark Age
Ending age
Imperial Age
RankedLock teamsTeams togetherTeam positionsShared explorationLock speedFull tech treeHidden civsTurbo modeCheats
Victory
Defeat
🇲🇽 Spanish · Mexico
1071
+15
🇲🇽 Khmer · Mexico
1067
+15
🇨🇱 Hindustanis · Chile
1116
-18
🇺🇸 Britons · United States
962
-12
rubeolay
11:21 Feudal Age
15:05 Loom
19:08 Castle Age
17:26 Horse Collar
18:13 Double-Bit Axe
18:50 Stone Mining
21:00 Bow Saw
24:09 Wheelbarrow
23:40 Squires
25:01 Crossbowman
28:15 Hand Cart
27:47 Town Watch
28:40 Fletching
31:57 Imperial Age
29:25 Treadmill Crane
29:56 Fortified Wall
30:08 Ballistics
31:27 Heavy Plow
31:23 Gold Mining
32:09 Arbalester
33:35 Conscription
35:08 Chemistry
34:19 Bodkin Arrow
35:48 Padded Archer Armor
37:13 Gold Shaft Mining
37:47 Bracer
38:00 Capped Ram
39:01 Leather Archer Armor
41:30 Husbandry
40:52 Light Cavalry
42:08 Yeomen
41:12 Onager
42:37 Siege Engineers
43:53 Forging
43:44 Scale Mail Armor
43:52 Scale Barding Armor
48:21 Murder Holes
49:44 Iron Casting
49:29 Chain Barding Armor
52:47 Blast Furnace
52:25 Plate Barding Armor
rodrigolbs
11:12 Feudal Age
14:48 Castle Age
13:32 Double-Bit Axe
16:38 Bow Saw
28:54 Imperial Age
28:00 Scale Mail Armor
29:15 Chain Mail Armor
29:39 Squires
37:18 Two-Man Saw
40:27 Forging
Rola23
11:22 Feudal Age
14:44 Castle Age
13:31 Double-Bit Axe
13:37 Stone Mining
14:06 Horse Collar
28:31 Bow Saw
28:22 Heavy Plow
28:13 Gold Mining
28:59 Stone Shaft Mining
29:56 Gold Shaft Mining
32:33 Imperial Age
31:21 Bloodlines
31:11 Husbandry
31:54 Scale Barding Armor
31:59 Forging
31:11 Light Cavalry
32:46 Heavy Scorpion
32:50 Hussar
34:07 Ballistics
34:49 Chain Barding Armor
35:05 Iron Casting
35:23 Crop Rotation
34:44 Loom
35:35 Wheelbarrow
36:10 Chemistry
35:59 Siege Engineers
36:18 Double Crossbow
38:01 Blast Furnace
37:37 Plate Barding Armor
37:32 Murder Holes
38:14 Elite Ballista Elephant
39:06 Masonry
41:30 Conscription
41:46 Hoardings
43:07 Hand Cart
42:39 Town Watch
43:06 Fortified Wall
43:27 Architecture
George 32533
11:00 Feudal Age
15:06 Castle Age
13:12 Double-Bit Axe
13:35 Loom
14:05 Horse Collar
26:18 Gold Mining
31:41 Imperial Age
38:31 Forging
38:27 Scale Barding Armor
39:39 Bloodlines
39:25 Cavalier
40:07 Husbandry
42:06 Iron Casting
41:52 Chain Barding Armor
41:09 Paladin
43:47 Blast Furnace
45:42 Plate Barding Armor
47:48 Bow Saw
47:41 Heavy Plow
47:35 Stone Mining
50:01 Wheelbarrow
51:06 Hand Cart
Connection lost

Rejoining the realm…

Still unreachable

The connection could not be restored.

Session expired

The server has moved on; the page needs a fresh start.